 Dungeon Crawl Stone Soup version 0.17-a0-1562-g9b2c768 (webtiles) character file.

1613 Promi the Firebug (level 8, -5/57 HPs)
             Began as a Grey Draconian Fire Elementalist on July 21, 2015.
             Was a Follower of Sif Muna.
             Killed by divine providence
             ... invoked by an orc priest
              (14 damage)
             ... on level 8 of the Dungeon.
             The game lasted 01:00:45 (8393 turns).

Promi the Firebug (DrFE)                            Turns: 8393, Time: 01:01:15

Health: -5/57      AC: 13    Str: 11    XL:     8   Next: 64%
Magic:  15/15      EV: 13    Int: 18    God:    Sif Muna [*.....]
Gold:   279        SH:  0    Dex: 11    Spells: 7 memorised, 1 level left

rFire  . . .     SeeInvis .     x - +0 war axe
rCold  + . .     Clarity  .     (armour unavailable)
rNeg   . . .     SustAt   .     (no shield)
rPois  .         Gourm    .     (helmet restricted)
rElec  .         Spirit   .     (no cloak)
rCorr  .         Warding  .     n - +0 pair of gloves
rMut   .         Stasis   .     t - +0 pair of boots
MR     .....                    (no amulet)
Stlth  ++........               (no ring)
                                e - ring of protection from cold

@: not resistant to hostile enchantments, unstealthy
A: walk through water, unfitting armour, unbreathing, cold-blooded, AC +11
a: Channel Energy, Renounce Religion


You were on level 8 of the Dungeon.
You worshipped Sif Muna.
Sif Muna was aware of your devotion.
You were not hungry.

You visited 1 branch of the dungeon, and saw 9 of its levels.

You collected 279 gold pieces.

Inventory:

Hand weapons
 x - a +0 war axe (weapon)
 D - a +0 dagger of protection
Missiles
 g - 147 stones (quivered)
Armour
 n - a +0 pair of gloves (worn)
 t - a +0 pair of boots (worn)
Jewellery
 e - a ring of protection from cold (left hand)
 r - an uncursed ring of ice
Magical devices
 j - a wand of random effects (29)
 G - a wand of draining (9)
Scrolls
 i - a scroll of identify
 m - 2 scrolls of magic mapping
 u - 2 scrolls of enchant weapon
 w - a scroll of recharging
 z - a scroll of immolation {unknown}
 B - a scroll of random uselessness {unknown}
 E - a scroll of remove curse
Potions
 c - 2 potions of heal wounds
 d - a potion of haste {unknown}
 f - 2 potions of poison {unknown}
 k - 7 potions of curing {unknown}
 l - 2 potions of degeneration {unknown}
 o - a potion of cure mutation {unknown}
 p - a potion of lignification {unknown}
 q - a potion of brilliance {unknown}
 v - a potion of mutation {unknown}
Books
 a - a book of Flames

   Spells                             Type                      Level
   a - Flame Tongue                   Conjuration/Fire             1
   b - Throw Flame                    Conjuration/Fire             2
   c - Conjure Flame                  Conjuration/Fire             3
   d - Inner Flame                    Hexes/Fire                   3
   e - Sticky Flame                   Conjuration/Fire             4
   f - Fireball                       Conjuration/Fire             5
 s - a book of Air

   Spells                             Type                      Level
   a - Shock                          Conjuration/Air              1
   b - Swiftness                      Charms/Air                   2
   c - Repel Missiles                 Charms/Air                   2
   d - Static Discharge               Conjuration/Air              3
   e - Lightning Bolt                 Conjuration/Air              5
 A - Sif Muna's Grimoire of Confrontation
   (You found it on level 5 of the Dungeon)

   Spells                             Type                      Level
   a - Sting                          Conjuration/Poison           1
 C - a book of Hinderance

   Spells                             Type                      Level
   a - Confusing Touch                Hexes                        2
   b - Confuse                        Hexes                        3
   c - Gell's Gravitas                Hexes/Translocation          3
   d - Petrify                        Transmutation/Earth          4
   e - Metabolic Englaciation         Hexes/Ice                    5
Comestibles
 b - 4 bread rations
 h - 3 meat rations


   Skills:
 + Level 4.3 Dodging
 + Level 4.7 Stealth
 + Level 5.1 Spellcasting
 + Level 4.5 Conjurations
 + Level 6.4 Fire Magic


You had one spell level left.
You knew the following spells:

 Your Spells              Type           Power        Failure   Level  Hunger
a - Flame Tongue          Conj/Fire      ###..        1%          1    None
b - Throw Flame           Conj/Fire      ###...       1%          2    #......
c - Conjure Flame         Conj/Fire      ###.....     4%          3    ##.....
d - Inner Flame           Hex/Fire       ###.....     14%         3    ##.....
e - Swiftness             Chrm/Air       #.......     21%         2    #......
f - Sticky Flame          Conj/Fire      ###.....     17%         4    ####...
g - Sting                 Conj/Pois      ##..         6%          1    None


Dungeon Overview and Level Annotations

Branches:
Dungeon (9/15)             Temple (0/1) D:7
   Lair: D:8-11         Orc: D:9-12

Altars:
Dithmenos
Elyvilon
Gozag
Qazlal
Ru
Sif Muna
Zin
The Shining One

Shops:
D:9 [

Annotations:
D:3 exclusion: orc priest, Natasha
D:4 Nattefrost's ghost, average GrBe
D:9 exclusion: orange crystal statue, Psyche


Innate Abilities, Weirdness & Mutations

You can walk through water.
Your dull iron-grey scales are very hard (AC +11).
Your body does not fit into most forms of armour.
You can survive without breathing.
You are cold-blooded and may be slowed by cold attacks.


Message History

Found a hunting sling.
The orc priest calls down the wrath of Beogh upon you.
Something smites you!
Found a scroll of remove curse.
A giant frog and a hungry ghost come into view.
The giant frog gives a loud, deep croak!
The orc priest calls down the wrath of Beogh upon you.
Something smites you!
* * * LOW HITPOINT WARNING * * *
The hound barks!
The worker ant zombie bites you but does no damage.
The orc barely misses you.
You barely miss the hungry ghost. You barely miss the giant frog.
You closely miss the orc.
You hit the worker ant zombie but do no damage.
The giant frog hits you but does no damage.
The giant frog barely misses you. The orc hits you but does no damage.
The orc priest calls down the wrath of Beogh upon you.
Something smites you!
You die...

*,,,,,* *,,,,,,,,,,,,* *,,,,,*
#............# *,,,,,*
#............# *,,,,,*
#............# *,,,,,*
#............#
*,,,,.#**#...?........#
*,,,)...*#............#
*,,...#.##.?..hW......#
*,.......#....F@......#
*.........(..aoZ......#
#*....._.....g..########
#*,........^...h#
#*,..........o..#
#*####..........#****************
',.............$+,,,,,,,,,,,,,,,,
#***##....o.....#*********,,***,*
# #..........# **,***,*


You could see a hungry ghost, an orc warrior, a black bear, a giant frog, a
hound, a worker ant, an orc priest, an orc, a worker ant zombie and a hobgoblin.

Vanquished Creatures
  3 ogres
  2 ice beasts (D:7)
  A black bear (D:6)
  2 centaurs
  2 giant frogs (D:6)
  A scorpion (D:5)
  A centaur zombie (D:5)
  A crimson imp (D:6)
  2 hounds
  3 orc wizards (D:5)
  5 orc priests
  Ijyb (D:2)
  A giant frog skeleton (D:5)
  Jessica (D:3)
  3 iguanas
  A worker ant (D:5)
  2 shadow imps (D:5)
  6 adders
  An ooze (D:5)
  3 worms
  4 giant geckos
  19 orcs
  17 bats
  3 giant cockroaches
  16 goblins
  6 hobgoblins
  7 jackals
  5 quokkas
  3 giant newts (D:1)
  A hobgoblin zombie (D:6)
  12 kobolds
  A kobold skeleton (D:6)
  2 kobold zombies (D:6)
  An orc skeleton (D:6)
  8 rats
147 creatures vanquished.

Vanquished Creatures (others)
  A hobgoblin (D:4)
1 creature vanquished.

Grand Total: 148 creatures vanquished

Notes
Turn   | Place    | Note
--------------------------------------------------------------
     0 | D:1      | Promi the Draconian Fire Elementalist began the quest for the Orb.
     0 | D:1      | Reached XP level 1. HP: 14/14 MP: 3/3
   248 | D:1      | Reached XP level 2. HP: 15/20 MP: 0/5
  1032 | D:1      | Reached XP level 3. HP: 26/26 MP: 6/6
  1147 | D:1      | Learned a level 2 spell: Throw Flame
  1151 | D:1      | Learned a level 3 spell: Conjure Flame
  1622 | D:2      | Found a white marble altar of Elyvilon.
  1673 | D:2      | Noticed Ijyb
  1700 | D:2      | Killed Ijyb
  1700 | D:2      | Reached XP level 4. HP: 27/33 MP: 2/8
  2172 | D:3      | Noticed Jessica
  2174 | D:3      | Killed Jessica
  2265 | D:3      | Reached skill level 4 in Fire Magic
  2650 | D:3      | Reached XP level 5. HP: 23/38 MP: 1/9
  2776 | D:3      | Noticed Natasha
  3131 | D:3      | Found a glowing silver altar of Zin.
  3296 | D:3      | Reached skill level 5 in Fire Magic
  3379 | D:3      | Noticed an ogre
  3421 | D:3      | Killed an ogre
  3421 | D:3      | Reached XP level 6. HP: 45/45 MP: 0/11
  4282 | D:4      | Noticed Nattefrost's ghost (average GrBe)
  4674 | D:4      | Found a stormy altar of Qazlal.
  4829 | D:5      | Entered Level 5 of the Dungeon
  4889 | D:5      | Learned a level 3 spell: Inner Flame
  4892 | D:5      | Learned a level 2 spell: Swiftness
  5216 | D:5      | Your scales start taking on a dull iron-grey colour.
  5216 | D:5      | Gained mutation: You can survive without breathing. [Grey Draconian growth]
  5216 | D:5      | Reached XP level 7. HP: 50/50 MP: 2/12
  6123 | D:5      | Found a deep blue altar of Sif Muna.
  6127 | D:5      | Became a worshipper of Sif Muna the Loreminder
  6304 | D:5      | Identified Sif Muna's Grimoire of Confrontation
  6371 | D:6      | Found an opulent altar of Gozag.
  6431 | D:6      | Noticed a shadow
  7156 | D:6      | Found a glowing golden altar of the Shining One.
  7359 | D:6      | Reached XP level 8. HP: 57/57 MP: 7/14
  7365 | D:6      | Learned a level 4 spell: Sticky Flame
  7367 | D:6      | Learned a level 1 spell: Sting
  7633 | D:6      | Found a shadowy altar of Dithmenos.
  7646 | D:6      | Reached skill level 6 in Fire Magic
  7840 | D:7      | Acquired Sif Muna's first power
  7999 | D:7      | Reached skill level 5 in Spellcasting
  8204 | D:7      | Found a staircase to the Ecumenical Temple.
  8258 | D:7      | You fall through a shaft for 2 floors!
  8258 | D:9      | Found Ygget's Armour Shop.
  8303 | D:9      | Noticed Psyche
  8324 | D:9      | Noticed an orange crystal statue
  8383 | D:8      | Found a sacrificial altar of Ru.
  8393 | D:8      | Killed from afar by an orc priest

Vault maps used:
D:1:      eino_arrival_water_cross
D:2:      lemuel_crystal_altar, uniq_iyjb
D:3:      zin_scriptorium, uniq_natasha, uniq_jessica
D:4:      nicolae_qazlal_eye_of_the_storm, first_bread
D:5:      led_sif_book
D:6:      kennysheep_mini, lemuel_crystal_altar,
          nicolae_ru_the_path_less_chosen, nicolae_tso_besieged_by_evil
D:7:      minmay_temple_entry_crystal_x, serial_shops, shop, grunt_ogre_cave,
          hangedman_decor_push
D:8:      serial_shops, nicolae_shop_crystal, basic_altar
D:9:      slow_altar_2, lair_0_dummy, minmay_orc_entry_guard_dogs, serial_shops,
          shop, minmay_statue_bubble, uniq_maurice, uniq_psyche

Action                   |  1- 3 |  4- 6 |  7- 9 || total
-------------------------+-------+-------+-------++-------
Melee: Dagger            |   122 |    65 |    76 ||   263
       Unarmed           |    10 |       |       ||    10
       War axe           |       |       |    23 ||    23
Throw: Stone             |     6 |     4 |     5 ||    15
 Cast: Flame Tongue      |    28 |    45 |    34 ||   107
       Throw Flame       |     6 |    67 |    91 ||   164
       Conjure Flame     |     1 |     6 |     7 ||    14
       Swiftness         |       |       |     4 ||     4
       Sting             |       |       |     2 ||     2
Invok: Channel Energy    |       |       |     3 ||     3
  Use: Scroll            |     3 |     1 |     7 ||    11
 Stab: Sleeping          |     2 |     1 |     1 ||     4
  Eat: Chunk             |     3 |    14 |     5 ||    22
       Bread ration      |       |       |     2 ||     2
